 Dungeon Crawl Stone Soup version 0.29.1 (webtiles) character file.

Game seed: 6810574059047654087

63 Iusername the Covered (level 3, -3/33 HPs)
             Began as a Minotaur Fighter on Sept 13, 2022.
             Slain by a gnoll
             ... wielding a +0 spear
              (4 damage)
             ... on level 2 of the Dungeon.
             The game lasted 00:03:00 (1355 turns).

Iusername the Covered (Minotaur Fighter)            Turns: 1355, Time: 00:03:00

Health: -3/33      AC:  7    Str: 22    XL:     3   Next: 87%
Magic:  0/0        EV:  9    Int:  5    God:
Gold:   34         SH:  4    Dex:  5    Spells: 2/2 levels left

rFire   + . .      SeeInvis .   d - +8 rapier "Yhir Sass" {antimagic, rF+ rCorr Dex-4}
rCold   . . .      Faith    .   c - +0 buckler
rNeg    . . .      Spirit   .   b - +0 scale mail
rPois   .          Reflect  .   (helmet restricted)
rElec   .          Harm     .   (no cloak)
rCorr   +          Rampage  .   (no gloves)
Will    .....                   (no boots)
Stlth   ..........              (no amulet)
HPRegen 0.11/turn               (no ring)
MPRegen 0.07/turn               (no ring)

@: no status effects
A: horns 2, retaliatory headbutt
a: no special abilities


You were on level 2 of the Dungeon.
You visited 1 branch of the dungeon, and saw 2 of its levels.

You collected 34 gold pieces.

Inventory:

Hand Weapons
 a - a +0 long sword
 d - the +8 rapier "Yhir Sass" (weapon) {antimagic, rF+ rCorr Dex-4}
   (You found it on level 2 of the Dungeon)

   It reduces the magical energy of the wielder, and disrupts the spells and
   magical abilities of those it strikes.
   Natural abilities and divine invocations are not affected.
   Dex:       It affects your dexterity (-4).
   rF:        It protects you from fire.
   rCorr:     It protects you from acid and corrosion.
Missiles
 e - 4 atropa-tipped darts (quivered)
Armour
 b - a +0 scale mail (worn)
 c - a +0 buckler (worn)
Scrolls
 f - a scroll of identify {unknown}
 g - 2 scrolls of fear {unknown}


   Skills:
 + Level 4.0 Fighting
 + Level 3.6 Long Blades
 + Level 0.5 Throwing
 + Level 4.2 Armour
 + Level 0.2 Dodging
 + Level 4.1 Shields


You had 2 spell levels left.
You didn't know any spells.
Your spell library contained the following spells:

 Spells                   Type           Power      Damage    Failure   Level
 Frozen Ramparts          Ice            0%         1d1       99%         3
 Ice Form                 Ice/Tmut       0%         N/A       100%        4
 Summon Ice Beast         Ice/Summ       0%         N/A       100%        4


Dungeon Overview and Level Annotations

Branches:
Dungeon (2/15)

Altars:


Innate Abilities, Weirdness & Mutations

You have a pair of horns on your head.
You reflexively headbutt those who attack you in melee.


Message History

You are too injured to fight recklessly!
You are too injured to fight recklessly!
You are too injured to fight recklessly!
You are too injured to fight recklessly!
You are too injured to fight recklessly!
You are too injured to fight recklessly!
You are too injured to fight recklessly!
You are too injured to fight recklessly!
You are too injured to fight recklessly!
You are too injured to fight recklessly!
You are too injured to fight recklessly!
You are too injured to fight recklessly!
You are too injured to fight recklessly!
You are too injured to fight recklessly!
Unknown command.
Unknown command.
You are too injured to fight recklessly!
Unknown command.
Unknown command.
You are too injured to fight recklessly!
Unknown command.
You are too injured to fight recklessly!
You are too injured to fight recklessly!
Unknown command.
You are too injured to fight recklessly!
Unknown command.
The gnoll closely misses you. The gnoll hits you with a +0 spear!
* * * LOW HITPOINT WARNING * * *
The gnoll barely misses you. The gnoll hits you but does no damage.
You puncture the gnoll!
The gnoll is severely wounded.
The gnoll hits you but does no damage. The gnoll completely misses you.
You furiously retaliate!
You headbutt the gnoll! The gnoll barely misses you. x2
You furiously retaliate!
You headbutt the gnoll.
You kill the gnoll!
The gnoll hits you with a +0 halberd!
* * * LOW HITPOINT WARNING * * *
The gnoll hits you with a +0 spear.
You die...

#### #.$?..# ...#
#.....#
...#######.....#######
.........#...........#
.........#...........#
.........#.).........#
.........#)....$.....#
##...................#
.....<..........@)...#
.#.............g.g......
.#......................
.#.......###########....
.........# ...
#.......... ..
########### . # #


You could see 2 gnolls.

Vanquished Creatures
  A gnoll (D:2)
  2 adders (D:2)
  A worm (D:2)
  2 dart slugs
  4 bats (D:1)
  An endoplasm (D:1)
  A giant cockroach (D:2)
  3 goblins
  A hobgoblin (D:2)
  3 jackals (D:2)
  4 kobolds
  2 quokkas
  6 ball pythons
  A frilled lizard (D:2)
  6 rats
38 creatures vanquished.

Vanquished Creatures (others)
  4 plants (D:2)
4 creatures vanquished.

Grand Total: 42 creatures vanquished

Notes
Turn   | Place    | Note
-------+----------+-------------------------------------------
     0 | D:1      | Iusername the Minotaur Fighter began the quest for the Orb.
     0 | D:1      | Reached XP level 1. HP: 19/19 MP: 0/0
    94 | D:1      | Reached XP level 2. HP: 27/27 MP: 1/1
   110 | D:1      | Found a faded altar of an unknown god.
   773 | D:2      | Reached XP level 3. HP: 27/33 MP: 2/2
  1244 | D:2      | Identified the +8 rapier "Yhir Sass" {antimagic, rF+ rCorr
                  | Dex-4}
  1355 | D:2      | HP: 1/33 [gnoll/+0 halberd (7)]
  1355 | D:2      | Slain by a gnoll

Illustrated notes

Levels and vault maps discovered:
D:1:      zaba_arrival_water, layout_basic, ebering_ecumenical_altar_rust
D:2:      cheibrodos_old_hovel, layout_basic

Skill      XL: |  1  2  3 |
---------------+----------+-----
Shields        | 4 |  4.1
Fighting       | 4 |  4.0
Long Blades    | 3 |  3.6
Armour         | 4 |  4.2
Throwing       | |  0.5
Dodging        | |  0.2

Action                   || total
-------------------------++-------
Melee: Long sword        ||    67
       Headbutt          ||     6
       Rapier            ||     9
Throw: Dart              ||     6
  Use: Potion            ||     1
 Stab: Invisible         ||     1
Armor: Scale mail        ||    38
Dodge: Dodged            ||    54
Block: Buckler           ||    23
